 Dungeon Crawl Stone Soup version 0.19-a0-1735-g048f9dc (webtiles) character file.

467 Eucla the Insei (level 7, -1/46 HPs)
             Began as an Octopode Monk on Sept 30, 2016.
             Slain by a sky beast (6 damage)
             ... on level 4 of the Dungeon.
             The game lasted 00:06:29 (3914 turns).

Eucla the Insei (Octopode Monk)                     Turns: 3914, Time: 00:06:29

Health: -1/46      AC:  1    Str: 12 (13) XL:     7   Next: 8%
Magic:  7/7        EV: 15    Int: 13      God:
Gold:   152        SH:  0    Dex: 18      Spells: 0 memorised, 6 levels left

rFire  . . .     SeeInvis .     h - +5 quarterstaff of Gakhaumurch {crush, Str+2 Dex+3}
rCold  . . .     Gourm    .     (shield currently unavailable)
rNeg   . . .     Faith    .     (helmet restricted)
rPois  .         Spirit   .     (no amulet)
rElec  .         Dismiss  .     (no ring)
rCorr  .         Reflect  .     (no ring)
MR     .....     Harm     .     (no ring)
Stlth  ++++......               (no ring)
                                (no ring)
                                (no ring)
                                (no ring)
                                (no ring)

@: no status effects
A: almost no armour, stealthy swim, amphibious, 8 rings, constrict 8, camouflage
1, gelatinous body 1
a: no special abilities


You were on level 4 of the Dungeon.
You were hungry.

You visited 1 branch of the dungeon, and saw 4 of its levels.
You also visited: Sewer.

You collected 152 gold pieces.

Inventory:

Hand Weapons
 h - the +5 quarterstaff of Gakhaumurch (weapon) {crush, Str+2 Dex+3}
   (You found it on level 4 of the Dungeon)

   It inflicts extra damage upon your enemies.
   It affects your strength (+2).
   It affects your dexterity (+3).
Jewellery
 i - a +4 ring of strength {unknown}
Scrolls
 b - 2 scrolls of amnesia
 c - 4 scrolls of identify
 d - a scroll of fear {unknown}
 m - a scroll of teleportation
Potions
 e - a potion of brilliance
 f - a potion of invisibility
 k - a potion of agility
 l - 3 potions of ambrosia
Comestibles
 a - a bread ration
 g - 3 meat rations


   Skills:
 - Level 3.0 Fighting
 - Level 3.0 Dodging
 - Level 2.6 Stealth
 + Level 7.8 Unarmed Combat


You had 6 spell levels left.
You didn't know any spells.

Dungeon Overview and Level Annotations

Branches:
Dungeon (4/15)
 Temple: D:4-7

Altars:
Sif Muna


Innate Abilities, Weirdness & Mutations

You cannot wear most types of armour.
You are very stealthy in the water.
You are amphibious.
You can wear up to eight rings at the same time.
You can use your tentacles to constrict eight enemies at once.
Your skin changes colour to match your surroundings (Stealth+).
Your rubbery body absorbs attacks. (AC +1, EV +1)


Message History

The sky beast shocks you.
* * * LOW HITPOINT WARNING * * *
You're too confused to move!
The sky beast completely misses you.
Unknown command.
The sky beast misses you. The sky beast barely misses you.
You're too confused to move!
You feel less invigorated.
You feel less confused.
The sky beast flickers out of sight!
Deactivating autopickup; reactivate with Ctrl-A.
Something barely misses you.
You miss something. Something hits you. Something shocks you.
You hit something. You squeeze something. Something hits you.
Something shocks you.
You barely miss something. Something hits you. Something shocks you.
* * * LOW HITPOINT WARNING * * *
Something hits you.
* * * LOW HITPOINT WARNING * * *
Something shocks you.
You die...

#..##............####
#...............##
#........#....#.#
#......[......#.# ##
#............<..# #.
####............#######.
..........>..........##.
#...................#.
#....@{.......##....##
#.....#.............##
###.....................
........................
###.....................
##....................
###.##...#.#.........
#.#....#....[......
####........#######


There were no monsters in sight!

Vanquished Creatures
  A phantom (D:4)
  The ghost of ghowell the Skirmisher, an amateur HOFi (D:3)
  A crocodile (Sewer)
  The ghost of slenderog the Conjurer, a weakling DECj (D:4)
  Robin (D:4)
  6 adders
  An ooze (D:4)
  2 worms
  5 dart slugs
  4 leopard geckos
  An orc (D:4)
  3 bats
  8 giant cockroaches
  18 goblins
  10 hobgoblins
  6 jackals
  3 quokkas
  2 ball pythons
  5 frilled lizards
  11 kobolds
  8 rats
98 creatures vanquished.

Notes
Turn   | Place    | Note
-------+----------+-------------------------------------------
     0 | D:1      | Eucla the Octopode Monk began the quest for the Orb.
     0 | D:1      | Reached XP level 1. HP: 16/16 MP: 1/1
    85 | D:1      | Reached XP level 2. HP: 17/21 MP: 2/2
   360 | D:1      | Reached skill level 4 in Unarmed Combat
   501 | D:1      | Reached XP level 3. HP: 26/26 MP: 3/3
   920 | D:2      | Reached XP level 4. HP: 24/31 MP: 4/4
  1039 | D:2      | Reached skill level 5 in Unarmed Combat
  2007 | D:3      | Reached XP level 5. HP: 11/36 MP: 5/5
  2043 | D:3      | Found a glowing drain.
  2056 | Sewer    | Entered a sewer
  2320 | Sewer    | Noticed a crocodile
  2332 | Sewer    | Gained mutation: You are somewhat resistant to further mutation. [potion of mutation]
  2332 | Sewer    | Gained mutation: You are partially covered in icy blue scales. (AC +2) [potion of mutation]
  2341 | Sewer    | Killed a crocodile
  2341 | Sewer    | Reached skill level 6 in Unarmed Combat
  2587 | D:3      | Reached XP level 6. HP: 26/42 MP: 6/6
  2618 | D:3      | Noticed ghowell's ghost (amateur HOFi)
  2745 | D:2      | Lost mutation: You are somewhat resistant to further mutation. [potion of cure mutation]
  2745 | D:2      | Lost mutation: You are partially covered in icy blue scales. (AC +2) [potion of cure mutation]
  2775 | D:3      | Killed ghowell's ghost
  2775 | D:3      | Reached skill level 7 in Unarmed Combat
  3223 | D:4      | Noticed Robin
  3253 | D:4      | Killed Robin
  3457 | D:4      | Noticed a phantom
  3511 | D:4      | Killed a phantom
  3768 | D:4      | Found a deep blue altar of Sif Muna.
  3805 | D:4      | Got a transparent quarterstaff
  3806 | D:4      | Identified the +5 quarterstaff of Gakhaumurch {crush, Str+2 Dex+3} (You found it on level 4 of the Dungeon)
  3859 | D:4      | Noticed slenderog's ghost (weakling DECj)
  3866 | D:4      | Reached XP level 7. HP: 46/46 MP: 7/7
  3876 | D:4      | Killed slenderog's ghost
  3914 | D:4      | Slain by a sky beast

Vault maps used:
D:1:      erik_arrival_cave_to_civilisation
D:2:      grunt_ministairs_15
D:3:      portal_sewer_entry_d
D:4:      led_sif_book, uniq_robin
Sewer:    sewer_the_crocodile

Skill      XL: |  1  2  3  4  5  6 |
---------------+-------------------+-----
Unarmed Combat | 4 5 6 7 |  7.8
Fighting       | |  3.0
Dodging        | |  3.0
Stealth        | |  2.6

Action                   |  1- 3 |  4- 6 |  7- 9 || total
-------------------------+-------+-------+-------++-------
Melee: Unarmed           |    70 |   187 |       ||   257
       Constrict         |    19 |    37 |       ||    56
       Tentacles         |    12 |    32 |     5 ||    49
       Punch             |       |     6 |       ||     6
       Quarterstaff      |       |     1 |    12 ||    13
  Use: Potion            |       |    12 |     1 ||    13
       Scroll            |       |    10 |       ||    10
 Stab: Sleeping          |    11 |    11 |       ||    22
       Invisible         |       |     4 |       ||     4
  Eat: Chunk             |       |     2 |       ||     2
       Meat ration       |       |     1 |       ||     1
       Fruit             |       |     3 |       ||     3
Armor: Skin              |     5 |     7 |       ||    12
Dodge: Dodged            |    46 |   103 |     9 ||   158
